 Dungeon Crawl Stone Soup version 0.28.0-1-gb440e238dd (webtiles) character file.

Game seed: 12867103089603536383

4 Bamboolord the Firebug (level 1, 0/11 HPs)
             Began as an Octopode Fire Elementalist on Feb 19, 2022.
             Slain by a jackal (2 damage)
             ... on level 1 of the Dungeon.
             The game lasted 00:01:30 (111 turns).

Bamboolord the Firebug (Octopode Fire Elementalist)  Turns: 111, Time: 00:01:30

Health: 0/11       AC:  1    Str:  7    XL:     1   Next: 70%
Magic:  1/3        EV: 13    Int: 17    God:
Gold:   3          SH:  0    Dex: 12    Spells: 3/4 levels left

rFire   . . .      SeeInvis .   (no weapon)
rCold   . . .      Faith    .   (no shield)
rNeg    . . .      Spirit   .   (helmet restricted)
rPois   .          Reflect  .   (no amulet)
rElec   .          Harm     .   (no ring)
rCorr   .          Rampage  .   (no ring)
Will    .....                   (no ring)
Stlth   +++.......              (no ring)
HPRegen 0.03/turn               (no ring)
MPRegen 0.08/turn               (no ring)
                                (no ring)
                                (no ring)

@: no status effects
A: almost no armour, amphibious, 8 rings, camouflage 1, gelatinous body 1,
(nimble swimmer 1), tentacles
a: no special abilities


You were on level 1 of the Dungeon.
You visited 1 branch of the dungeon, and saw 1 of its levels.

You collected 3 gold pieces.

Inventory:

Scrolls
 a - a scroll of brand weapon {unknown}


   Skills:
 * Level 2.1 Dodging
 * Level 2.7 Stealth
 * Level 2.0 Spellcasting
 * Level 1.0 Conjurations
 * Level 3.1 Fire Magic


You had 3 spell levels left.
You knew the following spells:

 Your Spells              Type           Power      Damage    Failure   Level
a - Foxfire               Conj/Fire      32%        2x1d5     9%          1

Your spell library contained the following spells:

 Spells                   Type           Power      Damage    Failure   Level
 Scorch                   Fire           24%        2d6       8%          2
 Conjure Flame            Conj/Fire      8%         6-21      24%         3
 Inner Flame              Hex/Fire       7%         N/A       30%         3
 Flame Wave               Conj/Fire      8%         2d5       63%         4


Dungeon Overview and Level Annotations

Branches:
Dungeon (1/15)

Altars:


Innate Abilities, Weirdness & Mutations

You cannot wear most types of armour.
You are amphibious.
You can wear up to eight rings at the same time.
Your skin changes colour to match your surroundings (Stealth+).
Your rubbery body absorbs attacks. (AC +1, EV +1)
((You are camouflaged when in or above water. (Stealth+)))
You have tentacles for arms and can constrict up to eight enemies at once.


Message History

You tentacle-slap the jackal but do no damage.
You grab the jackal.
You constrict the jackal, but do no damage.
The jackal closely misses you.
You tentacle-slap the jackal but do no damage.
You constrict the jackal, but do no damage.
The jackal bites you. The jackal completely misses you.
You tentacle-slap the jackal but do no damage.
You constrict the jackal. The jackal closely misses you.
A goblin comes into view. It is wielding a +0 dagger.
You tentacle-slap the ball python but do no damage.
You grab the ball python.
You constrict the ball python, but do no damage.
You constrict the jackal. The jackal completely misses you.
The ball python bites you. The ball python barely misses you.
You barely miss the ball python. You squeeze the ball python.
You kill the ball python!
You constrict the jackal. The jackal misses you.
A jackal comes into view.
The jackal barely misses you.
You tentacle-slap the jackal.
You kill the jackal!
A jackal comes into view.
You barely miss the goblin. You grab the goblin. You constrict the goblin.
The goblin closely misses you.
You tentacle-slap the goblin.
The goblin is heavily wounded.
You constrict the goblin. The goblin hits you with a +0 dagger.
Casting: Foxfire (safe; 9% risk of failure)
Press: ? - help, Q - select action Dir - look around, f - activate You conjure some foxfire!
You constrict the goblin. The goblin hits you with a +0 dagger.
* * * LOW HITPOINT WARNING * * *
Unknown command.
You barely miss the goblin. Your squeeze misses the goblin.
The goblin is almost dead.
You constrict the goblin.
You kill the goblin!
The jackal bites you.
You die...

# #. .############
....##...†.#
#..##.###.#######
#§§##.#.....†...##
#vv.....#.........
#@###.............
#....hh†#
######........
##$#.##.#
#........ # #..
#........ #..
#........ #.>.
..#....... #...
.###.#.... .....
#.##.### .# #.#


You could see 2 jackals.

Vanquished Creatures
  A goblin (D:1)
  2 jackals (D:1)
  A ball python (D:1)
  A frilled lizard (D:1)
  A rat (D:1)
6 creatures vanquished.

Vanquished Creatures (others)
  12 foxfires (D:1)
12 creatures vanquished.

Grand Total: 18 creatures vanquished

Notes
Turn   | Place    | Note
-------+----------+-------------------------------------------
     0 | D:1      | Bamboolord the Octopode Fire Elementalist began the quest
                  | for the Orb.
     0 | D:1      | Reached XP level 1. HP: 11/11 MP: 3/3
   111 | D:1      | Slain by a jackal

Illustrated notes

Levels and vault maps discovered:
D:1:      minmay_arrival_solitary_statue, layout_loops_cross,
          basic_ecumenical_altar

Action                   || total
-------------------------++-------
Melee: Unarmed           ||    12
       Constrict         ||     5
       Tentacles         ||     1
 Cast: Foxfire           ||     7
Dodge: Dodged            ||    10
